Map: Invader LE

Players

Bunny - Winner!

  • Race: Terran Terran

PtitDrogo

  • Race: Protoss Protoss

Event: DreamHack Open Tours WCS Spring Championship

VOD

Have the link to the VOD?

Description

Time

  • Played on: May 14, 2016, 10:10 a.m.
  • Length: 8:19

All games in this series

Show
View Real Time Build Order
Export as new Build Order

Bunny Terran - Winner!

Build Orders: Liberator Opening, Reaper Expand, MMM Bio 

Get SALT Encoding   

  12  0:00  SCV  
  13  0:12  SCV  
  14  0:17  Supply Depot  
  14  0:25  SCV  
  15  0:39  SCV  
  15  0:40  Barracks  
  16  0:44  Refinery  
  16  0:51  SCV  
  17  1:03  SCV  
  18  1:15  SCV  
  19  1:28  Orbital Command, Reaper  
  20  1:41  Command Center  
  20  1:47  Refinery  
  20  1:53  SCV  
  21  1:57  Supply Depot  
  21  2:00  Barracks Reactor  
  21  2:06  SCV  
  22  2:16  Factory  
  22  2:18  SCV  
  23  2:30  SCV  
  24  2:38  Marine x2  
  24  2:42  SCV  
  27  2:52  Orbital Command  
  27  2:54  SCV  
  27  2:56  Marine x2  
  30  3:00  Factory Tech Lab  
  30  3:02  Starport  
  30  3:07  SCV  
  31  3:13  Supply Depot  
  31  3:14  Marine x2  
  31  3:19  SCV x2  
  35  3:26  Cyclone, Liberator  
  38  3:31  SCV x2  
  40  3:36  Supply Depot, Marine  
  40  3:38  Marine  
  41  3:46  SCV  
  41  3:48  SCV  
  46  3:52  Bunker  
  46  3:58  SCV  
  46  3:59  Siege Tank  
  46  4:02  SCV  
  51  4:04  Marine  
  51  4:10  SCV  
  51  4:14  SCV  
  51  4:18  Marine  
  51  4:22  SCV  
  51  4:23  Barracks x2  
  53  4:26  SCV  
  53  4:28  Starport Reactor  
  53  4:29  Engineering Bay  
  54  4:34  SCV  
  54  4:35  Siege Tank  
  54  4:38  SCV  
  59  4:39  Marine  
  59  4:40  Marine  
  61  4:46  Supply Depot, SCV  
  61  4:48  Refinery  
  61  4:50  SCV  
  62  4:56  Supply Depot, Terran Infantry Weapons Level 1  
  62  5:01  Refinery  
  62  5:08  Supply Depot, SCV x2  
  62  5:12  Siege Tank  
  67  5:16  Barracks Tech Lab  
  67  5:18  Marine x2  
  67  5:21  Barracks Tech Lab  
  71  5:26  Barracks  
  69  5:29  Barracks  
  69  5:36  Marine x2  
  69  5:38  Marine, Barracks, Stimpack  
  69  5:40  Marine  
  73  5:43  Combat Shields  
  73  5:47  Supply Depot  
  73  5:48  Supply Depot, SCV x2  
  75  5:54  Marine x2  
  75  5:55  Siege Tank  
  75  5:56  Marine  
  81  5:57  Marine  
  81  6:00  SCV x2  
  81  6:03  Supply Depot  
  84  6:04  Medivac  
  84  6:11  Medivac  
  88  6:12  Marine x2  
  88  6:16  Marine x3  
  93  6:19  Supply Depot  
  93  6:22  Supply Depot  
  93  6:23  Marine  
  93  6:25  Marine  
  95  6:30  Marine x2  
  97  6:34  Medivac, Marine x2  
  97  6:35  Marine  
  97  6:38  Supply Depot  
  102  6:41  Medivac, Marine  
  102  6:43  Marine  
  106  6:48  Marine x2, Siege Tank  
  106  6:52  Supply Depot, Marine x2  
  106  6:53  Marine  
  114  6:58  Marine  
  114  7:00  Supply Depot, Marine  
  116  7:06  Marine x2  
  117  7:10  Marine x2  
  117  7:11  Marine  
  117  7:14  Liberator  
  120  7:16  Marine  
  120  7:18  Marine, Liberator  
  120  7:20  Siege Tank  
  125  7:24  Marine x2  
  125  7:27  Marine  
  125  7:28  Marine  
  125  7:29  Marine  
  132  7:34  Marine  
  132  7:36  Marine  
  138  7:41  Marine x2  
  140  7:45  Marine  
  140  7:46  Marine  
  140  7:47  Marine  
  139  7:52  Marine  
  139  7:54  Marine  
  127  7:59  Marine x2  
Show
View Real Time Build Order
Export as new Build Order

PtitDrogo Protoss 

Build Orders: 1 Gate Expand, Oracle Opening 

Get SALT Encoding   

  12  0:01  Probe (Chrono Boost)  
  13  0:11  Probe (Chrono Boost)  
  14  0:17  Pylon  
  14  0:22  Probe (Chrono Boost)  
  15  0:35  Probe (Chrono Boost), Gateway  
  16  0:45  Probe (Chrono Boost)  
  16  0:47  Assimilator  
  17  0:56  Probe (Chrono Boost)  
  18  1:07  Probe (Chrono Boost)  
  19  1:19  Nexus  
  20  1:29  Cybernetics Core  
  20  1:31  Probe (Chrono Boost)  
  20  1:37  Assimilator  
  20  1:42  Probe (Chrono Boost)  
  20  1:46  Pylon  
  21  1:53  Probe (Chrono Boost)  
  22  2:03  Probe (Chrono Boost)  
  22  2:05  Adept (Chrono Boost)  
  25  2:15  Probe  
  26  2:20  Stargate  
  26  2:27  Probe (Chrono Boost)  
  26  2:28  Adept (Chrono Boost)  
  29  2:33  Probe (Chrono Boost)  
  30  2:38  Probe (Chrono Boost)  
  30  2:44  Probe (Chrono Boost)  
  32  2:49  Probe (Chrono Boost), Warp Gate  
  33  2:53  Probe (Chrono Boost), Adept (Chrono Boost)  
  36  3:00  Probe  
  36  3:04  Probe  
  38  3:07  Oracle (Chrono Boost)  
  38  3:12  Probe  
  42  3:13  Pylon  
  42  3:16  Probe  
  43  3:24  Probe  
  44  3:28  Probe  
  45  3:36  Probe  
  45  3:38  Oracle (Chrono Boost)  
  46  3:42  Probe (Chrono Boost)  
  46  3:45  Pylon  
  50  3:49  Probe (Chrono Boost)  
  50  3:54  Nexus  
  51  3:57  Pylon  
  51  4:00  Probe (Chrono Boost)  
  51  4:01  Mothership Core (Chrono Boost)  
  51  4:02  Gateway  
  54  4:05  Gateway  
  47  4:19  Probe (Chrono Boost)  
  47  4:23  Probe (Chrono Boost)  
  47  4:24  Assimilator  
  47  4:27  Twilight Council  
  47  4:28  Forge  
  47  4:30  Probe (Chrono Boost)  
  48  4:33  Probe (Chrono Boost), Assimilator  
  48  4:37  Phoenix (Chrono Boost)  
  51  4:40  Probe  
  51  4:43  Probe  
  53  4:53  Probe  
  53  4:55  Probe  
  53  4:59  Pylon  
  55  5:00  Blink, Stalker  
  55  5:01  Stalker  
  55  5:04  Protoss Ground Weapons Level 1 (Chrono Boost)  
  55  5:05  Probe  
  60  5:07  Probe  
  60  5:12  Probe  
  62  5:17  Probe  
  62  5:19  Probe  
  62  5:20  Stalker  
  66  5:23  Probe  
  67  5:29  Probe  
  67  5:31  Probe  
  67  5:33  Probe  
  70  5:36  Pylon  
  70  5:37  Adept x2  
  70  5:41  Probe  
  75  5:44  Probe x2, Adept  
  75  5:49  Pylon  
  79  5:53  Probe  
  79  5:54  Probe  
  79  5:56  Probe  
  82  5:59  Robotics Facility  
  82  6:00  Gateway  
  82  6:03  Gateway  
  82  6:06  Gateway  
  82  6:07  Stalker  
  82  6:08  Stalker  
  82  6:10  Stalker  
  82  6:11  Assimilator  
  88  6:16  Gateway x2  
  88  6:18  Gateway  
  88  6:36  Adept x3  
  94  6:43  Pylon, Gateway  
  94  6:46  Pylon x2  
  94  6:52  Pylon  
  94  6:53  Observer (Chrono Boost)  
  94  6:55  Pylon  
  94  6:59  Adept x4  
  103  7:02  Pylon  
  103  7:13  Immortal, Adept x2  
  103  7:14  Adept x3  
  117  7:22  Adept x2  
  117  7:23  Adept x2  
  125  7:30  Pylon  
  125  7:39  Stalker x3, Adept x3  
  125  7:54  Adept x4  
  125  7:55  Probe  
  125  7:56  Probe  
  125  7:58  Probe  
  97  8:01  Stalker x3  

Tags
 
Add a new tag
Caveats
  • Supply blocks, unpowered buildings, or Contaminate may cause inaccurate times.
  • Supply counts are checked every 10 seconds.